 Dungeon Crawl Stone Soup version 0.25-a0-435-g4b9beb1024 (webtiles) character file.

Game seed: 14325864664890567463, levelgen mode: deterministic

5 Gargoyl the Skirmisher (level 1, -10/19 HPs)
             Began as a Centaur Abyssal Knight on Jan 27, 2020.
             Was a Follower of Lugonu.
             Mangled by a large abomination (16 damage)
             ... on level 1 of the Abyss.
             The game lasted 00:00:37 (184 turns).

Gargoyl the Skirmisher (Centaur Abyssal Knight)      Turns: 184, Time: 00:00:38

Health: -10/19     AC:  4    Str: 14    XL:     1   Next: 66%
Magic:  2/2        EV:  9    Int: 11    God:    Lugonu [*.....]
Gold:   0          SH:  0    Dex:  8    Spells: 0/0 levels left

rFire    . . .     SeeInvis .   a - +1 hand axe
rCold    . . .     Gourm    .   (no shield)
rNeg     . . .     Faith    .   b - +0 leather armour
rPois    .         Spirit   .   (no helmet)
rElec    .         Reflect  .   (no cloak)
rCorr    .         Harm     .   (no gloves)
MR       .....                  (no barding)
Stlth    ..........             (no amulet)
HPRegen  0.06/turn              (no ring)
MPRegen  0.08/turn              (no ring)

@: very quick
A: large, hooves 3, deformed body, speed 2, tough skin 3
a: Depart the Abyss, Renounce Religion


You were on level 1 of the Abyss.
You worshipped Lugonu.
Lugonu was aware of your devotion.
You were not hungry.

You visited 0 branches of the dungeon, and saw 0 of its levels.
You visited the Abyss 1 time.

Inventory:

Hand Weapons
 a - a +1 hand axe (weapon)
Armour
 b - a +0 leather armour (worn)
Comestibles
 c - 2 rations


   Skills:
 + Level 3.2 Fighting
 + Level 1.8 Axes
 + Level 1.4 Armour
 + Level 0.6 Dodging
 + Level 2.0 Invocations


You couldn't memorise any spells.
You didn't know any spells.
Your spell library was empty.

Dungeon Overview and Level Annotations

Branches:
Dungeon (0/15)

Altars:


Innate Abilities, Weirdness & Mutations

You have hooves in place of feet.
Armour fits poorly on your strangely shaped body.
You cover ground very quickly.
You have extremely tough skin. (AC +3)


Message History

2 starspawn tentacles come into view.
You feel a little less agile now.
Your magical contamination has completely faded away.
An ufetubus comes into view.
The ufetubus shouts!
The ufetubus closely misses you. x2
The ufetubus closely misses you.
The ufetubus hits you but does no damage.
The ufetubus closely misses you. The ufetubus barely misses you.
Tentacles burst from the starspawn's body!
Found a club. 2 starspawn tentacles come into view.
A large abomination comes into view.
You hit the large abomination.
The large abomination is lightly damaged.
You hit the ufetubus but do no damage.
The ufetubus hits you but does no damage.
The ufetubus barely misses you. The large abomination hits you!
Ouch! That really hurt!
You die...

# ..#..##..##Xw#.#
#.... .#...#..#.#w#
.##....#. ..#.##.##..
#....## #
#.......#..# ##X...#≈
#..#.....######.#####
#...##...# 5.5.#
#..#...#.# #..#X
##5## ..... # # │.
#@)##.#...# ##.#
#.X#.# ##.##... ...
#.# .# # .. #.#. #.#
.. #..#. ... .#. . .#
..# ..## #.#. ... ..
.## #. .# ##


You could see a large abomination and an ufetubus.

Vanquished Creatures
  An ufetubus (Abyss:1)
1 creature vanquished.

Vanquished Creatures (others)
  4 starspawn tentacles (Abyss:1)
4 creatures vanquished.

Grand Total: 5 creatures vanquished

Notes
Turn   | Place    | Note
-------+----------+-------------------------------------------
     0 | Abyss:1  | Gargoyl the Centaur Abyssal Knight began the quest for the
                  | Orb.
     0 | Abyss:1  | Reached XP level 1. HP: 19/19 MP: 2/2
   105 | Abyss:1  | Noticed a small abomination
   142 | Abyss:1  | Noticed a smoke demon
   154 | Abyss:1  | Noticed a tentacled starspawn
   182 | Abyss:1  | Noticed a large abomination
   184 | Abyss:1  | Mangled by a large abomination

Levels and vault maps discovered:
Abyss:1

Action                   || total
-------------------------++-------
Melee: Hand axe          ||    12
       Kick              ||     1
  Use: Scroll            ||     1
       Potion            ||     1
Armor: Leather armour    ||     9
Dodge: Dodged            ||    29

Table legend:
 A = Non-vault XP
 B = Vault XP
 C = Vault XP percentage of total XP
 D = Non-vault monster count
 E = Vault monster count
 F = Vault count percentage of total count
                 A         B        C        D         E       F
            +---------+---------+-------+---------+---------+-------
      Total |       8 |       0 |   0.0 |       1 |       0 |   0.0
            +---------+---------+-------+---------+---------+-------
    Abyss:1 |       8 |       0 |   0.0 |       1 |       0 |   0.0
            +---------+---------+-------+---------+---------+-------
